 Dungeon Crawl Stone Soup version bcrawl-1.19.2-6-g6a88ae04c9 (webtiles) character file.

Game seed: 18160513061983725591

29116 Mrkan the Fighter (level 13, -3/137 HPs)
             Began as a Troll Monk on Dec 30, 2019.
             Was an Elder of Ashenzari.
             Slain by a 17-headed hydra (6 damage)
             ... on level 3 of the Lair of Beasts.
             The game lasted 00:21:49 (11231 turns).

Mrkan the Fighter (Troll Monk)                     Turns: 11231, Time: 00:21:49

Health: -3/137     AC: 19    Str: 26    XL:     13   Next: 13%
Magic:  13/13      EV:  9    Int: 15    God:    Ashenzari [****..]
Gold:   722        SH: 22    Dex: 12    Spells: 12/12 levels left

rFire    . . .     SeeInvis +     - Unarmed
rCold    . . .     Gourm    +   x - +3 large shield (curse)
rNeg     . . .     Faith    .   (armour unavailable)
rPois    .         Spirit   .   b - +2 hat {MR+}
rElec    .         Reflect  .   B - +5 cloak of the Four Eyes {MR+ Str+4} (curse)
rCorr    .         Harm     .   (gloves unavailable)
MR       ++...     Clarity  +   (boots unavailable)
Stlth    ++........             A - amulet of regeneration
HPRegen  1.52/turn              g - +1 ring of protection (curse)
MPRegen  0.13/turn              y - +4 ring of intelligence

@: no status effects
A: large, almost no armour, unfitting armour, claws 3, fast metabolism 3,
gourmand, regeneration 2, AC +10
a: Curse Item, Scrying, Renounce Religion


You were on level 3 of the Lair of Beasts.
You worshipped Ashenzari.
Ashenzari was greatly pleased with you.
You were very full.

You visited 2 branches of the dungeon, and saw 13 of its levels.

You collected 889 gold pieces.
You spent 167 gold pieces at shops.

Inventory:

Missiles
 e - 109 silver javelins
 n - 135 poisoned tomahawks
 H - 94 large rocks (quivered)
Armour
 b - a +2 hat of magic resistance (worn)
 x - a cursed +3 large shield (worn)
 B - the cursed +5 cloak of the Four Eyes (worn) {MR+ Str+4}
   (You found it on level 7 of the Dungeon)

   It affects your strength (+4).
   It affects your resistance to hostile enchantments.
   It has a curse placed upon it.
Jewellery
 g - a cursed +1 ring of protection (left claw)
 s - a +3 ring of evasion
 y - a +4 ring of intelligence (right claw)
 A - an amulet of regeneration (around neck)
 D - an uncursed ring of positive energy
 P - an uncursed amulet of rage
Wands
 G - a wand of enslavement (12)
 J - a wand of paralysis (16)
 K - a wand of flame (19)
 L - a wand of acid (10)
 O - a wand of digging (11)
Scrolls
 a - 2 scrolls of magic mapping
 d - 3 scrolls of immolation
 h - 7 scrolls of teleportation
 j - a scroll of blinking
 m - 5 scrolls of fog
 r - 9 scrolls of identify
 u - a scroll of amnesia
 z - a scroll of vulnerability
 F - 4 scrolls of remove curse
 N - 2 scrolls of silence
Potions
 f - a potion of brilliance
 i - 3 potions of might
 k - 2 potions of invisibility
 l - a potion of flight {unknown}
 o - 2 potions of heal wounds
 p - 2 potions of mutation
 q - 3 potions of lignification
 t - 2 potions of curing
 v - a potion of agility
 w - 2 potions of magic
 C - 3 potions of haste {unknown}
 I - 2 potions of degeneration {unknown}
Miscellaneous
 M - a lightning rod (4/4)
Comestibles
 c - 27 rations {!d}
 E - 7 chunks of flesh


   Skills:
 + Level 11.0 Fighting
 - Level 7.4 Throwing
 - Level 2.4 Dodging
 - Level 1.1 Stealth
 + Level 9.4(11.6) Shields
 * Level 10.8 Unarmed Combat
   Level 2.0 Invocations


You had 12 spell levels left.
You didn't know any spells.
Your spell library contained the following spells:

 Spells                   Type           Power        Failure   Level  Hunger
 Corona                   Hex            #......      50%         1    ##.....
 Magic Dart               Conj           #...         50%         1    ##.....
 Blink                    Tloc           N/A          63%         2    ###....
 Call Imp                 Summ           #.....       63%         2    ###....
 Ensorcelled Hibernation  Hex/Ice        #.....       63%         2    ###....
 Searing Ray              Conj           #.......     63%         2    ###....
 Confuse                  Hex            #.......     86%         3    ####...
 Conjure Flame            Conj/Fire      #.......     86%         3    ####...
 Dazzling Spray           Conj/Hex       #.....       86%         3    ####...
 Iskenderun's Mystic Bla  Conj           #.......     86%         3    ####...
 Mephitic Cloud           Conj/Pois/Air  #.......     86%         3    ####...
 Spider Form              Tmut/Pois      #..          86%         3    ####...
 Tukima's Dance           Hex            #.......     86%         3    ####...
 Fulminant Prism          Conj/Hex       #.........   99%         4    #####..
 Irradiate                Conj/Tmut      #.........   100%        5    ######.


Dungeon Overview and Level Annotations

Branches:
Dungeon (10/12)            Temple (0/1) D:6            Lair (3/6) D:8
  Swamp (0/3) Lair:2          Orc (0/1) D:9
  Snake: Lair:2-4    Spider: Lair:2-4

Altars:
Ashenzari
Cheibriados
Fedhas
Hepliaklqana
Kikubaaqudgha
Lugonu
Makhleb
Nemelex Xobeh
Okawaru
Trog
Wu Jian
Yredelemnul

Shops:
D:5 }?[(*   D:6 [   D:10 =


Innate Abilities, Weirdness & Mutations

You cannot wear most types of armour.
Your thick skin is tough. (AC +10)
You are too large for most types of armour.
You have claws for hands.
Your metabolism is lightning-fast.
You like to eat raw meat.
You heal very quickly.


Message History

The 17-headed hydra bites you.
* * * LOW HITPOINT WARNING * * *
The 17-headed hydra bites you.
* * * LOW HITPOINT WARNING * * *
The 17-headed hydra misses you.
The 17-headed hydra bites you but does no damage.
You barely miss the 17-headed hydra.
The 17-headed hydra is heavily wounded.
The 17-headed hydra bites you.
* * * LOW HITPOINT WARNING * * *
You block the 17-headed hydra's attack. The 17-headed hydra bites you!
* * * LOW HITPOINT WARNING * * *
You block the 17-headed hydra's attack.
The 17-headed hydra bites you but does no damage. x2
You block the 17-headed hydra's attack. x3; The 17-headed hydra bites you!
* * * LOW HITPOINT WARNING * * *
The 17-headed hydra bites you but does no damage.
The 17-headed hydra closely misses you. The 17-headed hydra barely misses you.
The 17-headed hydra bites you.
You die...

##........#.##
###...........P#
#......YY<...##*
###.....Y÷....#
#....<÷....{.#
#P...<....{..##
##.........{{.#
#........{{{###
##.........{Y#@#
#P........FShD##
##.........lF###
#..........l#.#
##...........##
#..........##
############


You could see a 17-headed hydra, a komodo dragon, a cane toad, a water moccasin,
a wyvern, a bullfrog and a wolf.

Vanquished Creatures
  Gastronok (D:8)
  3 hydras
  2 centaur warriors
  2 two-headed ogres
  2 death yaks (Lair:3)
  Urug (Lair:1)
  Nergalle (D:10)
  2 cyclopes
  An oklob plant (Lair:1)
  A black mamba (Lair:2)
  3 cane toads
  A centaur skeleton (D:10)
  A rime drake (Lair:2)
  7 komodo dragons
  An efreet (D:10)
  A merfolk (D:9)
  Prince Ribbit (D:7)
  5 hippogriffs
  A slime creature (D:10)
  14 yaks
  3 basilisks
  A hungry ghost (D:9)
  Edmund (D:4)
  4 swamp worms (Lair:2)
  10 crocodiles
  4 water moccasins
  6 porcupines
  2 ice beasts
  6 orc warriors
  A sky beast (D:8)
  4 black bears
  8 wolves
  4 phantoms
  7 centaurs
  3 ogres
  12 bullfrogs
  2 big kobolds
  3 scorpions
  6 killer bees (D:10)
  A howler monkey (D:4)
  3 bullfrog zombies
  17 crimson imps
  3 centaur zombies
  2 orc priests (D:6)
  5 hounds
  6 jellies
  A gnoll shaman (D:9)
  4 orc wizards
  3 bullfrog skeletons
  Terence (D:2)
  6 worker ants
  Ijyb (D:4)
  9 iguanas
  A killer bee zombie (D:5)
  A howler monkey zombie (D:9)
  3 gnolls (D:5)
  A worker ant zombie (D:10)
  7 adders
  4 shadow imps
  An ooze (D:1)
  2 adder skeletons
  3 adder zombies
  3 worms
  7 leopard geckos
  29 orcs
  2 ball pythons
  A giant cockroach (D:2)
  5 goblins
  7 hobgoblins
  27 jackals
  21 kobolds
  5 quokkas
  A bat (D:1)
  6 frilled lizards
  A quokka skeleton (D:5)
  A quokka zombie (D:4)
  4 rats
  A bush (Lair:1)
344 creatures vanquished.

Vanquished Creatures (others)
  A plant (Lair:2)
1 creature vanquished.

Grand Total: 345 creatures vanquished

Notes
Turn   | Place    | Note
-------+----------+-------------------------------------------
     0 | D:1      | Mrkan the Troll Monk began the quest for the Orb.
     0 | D:1      | Reached XP level 1. HP: 22/22 MP: 1/1
   141 | D:1      | Reached XP level 2. HP: 24/29 MP: 2/2
   584 | D:1      | Reached XP level 3. HP: 36/36 MP: 3/3
  1548 | D:2      | Noticed Terence
  1567 | D:2      | Killed Terence
  1567 | D:2      | Reached skill level 3 in Fighting
  1567 | D:2      | Gained mutation: Your natural rate of healing is unusually
                  | fast. [Troll growth]
  1567 | D:2      | Reached XP level 4. HP: 16/45 MP: 1/4
  1764 | D:2      | Found a faded altar of an unknown god.
  2324 | D:3      | Reached skill level 5 in Unarmed Combat
  2324 | D:3      | Reached XP level 5. HP: 47/53 MP: 3/5
  2387 | D:3      | Found a shattered altar of Ashenzari.
  2395 | D:3      | Became a worshipper of Ashenzari the Shackled
  2395 | D:3      | Reached * piety under Ashenzari
  2395 | D:3      | Reached ** piety under Ashenzari
  2716 | D:4      | Reached XP level 6. HP: 61/62 MP: 6/6
  2779 | D:4      | Noticed Edmund
  2785 | D:4      | Killed Edmund
  2785 | D:4      | Reached skill level 4 in Fighting
  2901 | D:4      | Got the hunting sling of Disembowelment {speed, Int+6}
  3018 | D:4      | Reached XP level 7. HP: 70/70 MP: 7/7
  3282 | D:4      | Noticed Ijyb
  3303 | D:4      | Killed Ijyb
  3635 | D:5      | Entered Level 5 of the Dungeon
  3782 | D:5      | Found Cufe's Assorted Antiques.
  3789 | D:5      | Bought a sapphire potion for 19 gold pieces
  3789 | D:5      | Bought a black potion for 19 gold pieces
  3815 | D:5      | Found Rusexot's Weapon Shop.
  3915 | D:5      | Found Eluthreuty's Antique Armour Shop.
  3923 | D:5      | Bought a large shield for 99 gold pieces
  3974 | D:5      | Found Zuoren's Magic Scroll Boutique.
  3995 | D:5      | Reached skill level 5 in Fighting
  4013 | D:5      | Reached XP level 8. HP: 80/80 MP: 8/8
  4035 | D:5      | Bought a scroll of identify for 30 gold pieces
  4233 | D:5      | Found Belyin's Gadget Emporium.
  4429 | D:6      | Found a blossoming altar of Fedhas.
  4433 | D:6      | Reached skill level 1 in Shields
  4769 | D:6      | Found a staircase to the Ecumenical Temple.
  5084 | D:6      | Found Yckullef's Antique Armour Emporium.
  5303 | D:7      | Reached skill level 6 in Fighting
  5330 | D:7      | Got the uncursed cloak of the Four Eyes {MR+ Str+4}
  5376 | D:7      | Noticed a centaur warrior
  5386 | D:7      | Killed a centaur warrior
  5386 | D:7      | Reached XP level 9. HP: 62/92 MP: 5/9
  5392 | D:7      | Identified the +5 cloak of the Four Eyes {MR+ Str+4} (You
                  | found it on level 7 of the Dungeon)
  5509 | D:7      | Reached *** piety under Ashenzari
  5603 | D:7      | Noticed Prince Ribbit
  5610 | D:7      | Reached skill level 5 in Shields
  5642 | D:7      | Killed Prince Ribbit
  5642 | D:7      | Reached skill level 7 in Fighting
  5967 | D:8      | Found an ornate altar of the Wu Jian Council.
  5969 | D:8      | Found a basalt altar of Yredelemnul.
  5972 | D:8      | Found a snail-covered altar of Cheibriados.
  5973 | D:8      | Found a sparkling altar of Nemelex Xobeh.
  5973 | D:8      | Found an iron altar of Okawaru.
  5973 | D:8      | Found a bloodstained altar of Trog.
  5973 | D:8      | Found a hazy altar of Hepliaklqana.
  5975 | D:8      | Found a corrupted altar of Lugonu.
  5976 | D:8      | Found an ancient bone altar of Kikubaaqudgha.
  5977 | D:8      | Found a burning altar of Makhleb.
  6019 | D:8      | Found a snail-covered altar of Cheibriados.
  6247 | D:8      | Found a staircase to the Lair.
  6340 | D:8      | Got the dagger "Beastbane" {drain, Str+3 SInv}
  6381 | D:8      | Reached XP level 10. HP: 101/102 MP: 8/10
  6547 | D:9      | Found a staircase to the Orcish Mines.
  6551 | D:9      | Noticed a two-headed ogre
  6599 | D:8      | Reached skill level 1 in Throwing
  6689 | D:8      | Killed a two-headed ogre
  6689 | D:8      | Reached skill level 8 in Fighting
  7117 | D:9      | Noticed a centaur warrior
  7136 | D:9      | Killed a centaur warrior
  7349 | D:9      | Reached **** piety under Ashenzari
  7361 | D:9      | Reached XP level 11. HP: 113/113 MP: 11/11
  7496 | D:9      | Noticed a cyclops
  7520 | D:9      | Killed a cyclops
  7624 | D:10     | Entered Level 10 of the Dungeon
  7733 | D:10     | Reached skill level 9 in Fighting
  7779 | D:10     | Found Binwoce's Jewellery Emporium.
  7826 | D:10     | Reached skill level 5 in Throwing
  7847 | D:10     | Noticed a two-headed ogre
  7857 | D:10     | Killed a two-headed ogre
  7876 | D:10     | Noticed a cyclops
  7876 | D:10     | Noticed Nergalle
  7925 | D:10     | Noticed a spectral orc warlord
  7934 | D:10     | Killed Nergalle
  7977 | D:10     | Killed a cyclops
  8755 | Lair:1   | Entered Level 1 of the Lair of Beasts
  8755 | Lair:1   | Noticed Gastronok
  8778 | D:8      | Killed Gastronok
  8778 | D:8      | Reached skill level 10 in Fighting
  8778 | D:8      | Gained mutation: You heal very quickly. [Troll growth]
  8778 | D:8      | Reached XP level 12. HP: 61/126 MP: 12/12
  9030 | Lair:1   | Noticed Urug
  9053 | Lair:1   | Killed Urug
 10066 | Lair:2   | Noticed a seven-headed hydra
 10137 | Lair:1   | Killed a seven-headed hydra
 10412 | Lair:2   | Reached skill level 10 in Unarmed Combat
 10830 | Lair:2   | Noticed a seven-headed hydra
 10855 | Lair:2   | Killed a seven-headed hydra
 10866 | Lair:2   | Noticed an eight-headed hydra
 10879 | Lair:2   | Killed an eight-headed hydra
 10879 | Lair:2   | Reached XP level 13. HP: 95/136 MP: 13/13
 10909 | Lair:2   | Found a staircase to the Swamp.
 11212 | Lair:3   | Reached skill level 11 in Fighting
 11231 | Lair:3   | HP: 3/137 [17-headed hydra (8)]
 11231 | Lair:3   | Slain by a 17-headed hydra

Skill      XL: |  1  2  3  4  5  6  7  8  9 10 11 12 13 |
---------------+----------------------------------------+-----
Unarmed Combat | 4 5 6 8 10 | 10.8
Fighting       | 3 4 5 6 7 8 10 11 | 11.0
Shields        | 4 6 7 8 9 |  9.4
Throwing       | 4 7 |  7.4
Dodging        | |  2.4
Stealth        | |  1.1
Invocations    | |  2.0

Action                   |  1- 3 |  4- 6 |  7- 9 | 10-12 | 13-15 || total
-------------------------+-------+-------+-------+-------+-------++-------
Melee: Unarmed           |   104 |   156 |   353 |   737 |    85 ||  1435
       Punch             |     1 |     3 |     3 |       |       ||     7
Throw: Large rock        |       |       |       |    28 |       ||    28
Invok: Curse Item        |       |     2 |     2 |       |       ||     4
  Use: Scroll            |       |       |    13 |    11 |       ||    24
       Potion            |       |       |       |     3 |       ||     3
 Stab: Sleeping          |     3 |     4 |     3 |     5 |       ||    15
  Eat: Chunk             |     9 |    15 |    20 |    30 |     2 ||    76
Armor: Skin              |    27 |    55 |    95 |   254 |    48 ||   479
Dodge: Dodged            |    44 |    80 |    80 |   223 |    44 ||   471
Block: Large shield      |       |       |   177 |   790 |   137 ||  1104
